 Dungeon Crawl Stone Soup version 0.30-a0-393-g54b8e3be05 (webtiles) character file.

Game seed: 11286492338804999883

122 testman the Trooper (level 4, -1/42 HPs)
             Began as an Armataur Fighter on Dec 5, 2022.
             Killed by divine providence
             ... invoked by an orc priest
              (13 damage)
             ... on level 3 of the Dungeon.
             The game lasted 00:03:42 (1717 turns).

testman the Trooper (Armataur Fighter)              Turns: 1717, Time: 00:03:43

Health: -1/42      AC:  6    Str: 24    XL:     4   Next: 78%
Magic:  4/4        EV:  7    Int:  8    God:
Gold:   172        SH:  4    Dex:  9    Spells: 3/3 levels left

rFire   . . .      SeeInvis .    a - +0 flail
rCold   . . .      Faith    .    c - +0 buckler
rNeg    . . .      Spirit   .    b - +0 scale mail
rPois   .          Reflect  .    (no helmet)
rElec   .          Harm     .    (no cloak)
rCorr   .          Roll     +    (no gloves)
Will    +....                    (no barding)
Stlth   ..........               (no amulet)
HPRegen 0.27/turn                k - ring of willpower
MPRegen 0.09/turn                (no ring)

@: no status effects
A: large, rugged brown scales 3, deformed body, armoured tail, roll, long
tongue, awkward tongue
a: no special abilities


You were on level 3 of the Dungeon.
You visited 1 branch of the dungeon, and saw 3 of its levels.

You collected 172 gold pieces.

Inventory:

Hand Weapons
 a - a +0 flail (weapon)
Armour
 b - a +0 scale mail (worn)
 c - a +0 buckler (worn)
Jewellery
 j - a ring of fire
 k - a ring of willpower (left hand)
Scrolls
 h - a scroll of enchant armour {unknown}
 i - 2 scrolls of teleportation {unknown}
 l - a scroll of vulnerability {unknown}
 n - a scroll of brand weapon {unknown}
 o - a scroll of amnesia {unknown}
 p - a scroll of identify {unknown}
 q - a scroll of noise {unknown}
 r - a scroll of magic mapping {unknown}
 s - a scroll of immolation {unknown}
Potions
 d - a potion of might
 e - a potion of mutation {unknown}
 f - a potion of degeneration {unknown}
 g - 2 potions of lignification {unknown}
 m - a potion of flight {unknown}


   Skills:
 + Level 4.0 Fighting
 + Level 3.4 Maces & Flails
 - Level 3.6 Armour
 - Level 3.2 Shields


You had 3 spell levels left.
You didn't know any spells.
Your spell library contained the following spells:

 Spells                   Type           Power      Damage    Failure   Level
 Sandblast                Erth           0%         2d4       78%         1
 Ensorcelled Hibernation  Hex/Ice        0%         N/A       89%         2
 Passwall                 Tmut/Erth      0%         N/A       89%         2
 Spider Form              Tmut/Pois      0%         N/A       98%         3
 Stone Arrow              Conj/Erth      0%         3d7       98%         3
 Anguish                  Hex/Necr       0%         N/A       100%        4


Dungeon Overview and Level Annotations

Branches:
Dungeon (3/15)

Altars:


Innate Abilities, Weirdness & Mutations

You are completely covered in rugged brown scales. (AC +3, +7% HP)
Armour fits poorly on your strangely shaped body.
You have a long armoured tail.
You roll when moving toward enemies. (Rampage)
Your long tongue fully drains potion bottles. (2x potion effects)
Your tongue gives you trouble enunciating. (1.5x scroll delay)


Message History

The hobgoblin closely misses you.
You see here a +0 dagger.
You hit the hobgoblin but do no damage. The hobgoblin completely misses you.
You sock the hobgoblin!
You kill the hobgoblin!
No target in view!
Found a stone staircase leading down.
An orc priest comes into view. It is wielding a +0 flail.
Found a runed long sword.
The orc priest shouts!
An orc comes into view. It is wielding a +0 short sword.
An orc priest comes into view. It is wielding a +0 club.
The orc shouts!
The orc priest moves out of view.
An orc comes into view. It is wielding a +0 dagger.
You roll towards the orc priest!
The orc shouts!
The orc priest looks braver for a moment.
You see here a +2 long sword of holy wrath.
You barely miss the orc priest.
The orc priest hits you with a +0 flail!
The orc priest barely misses you.
You closely miss the orc priest. The orc priest completely misses you.
You hit the orc priest.
The orc priest is heavily wounded.
The orc priest hits you with a +0 flail.
You hit the orc priest.
The orc priest is severely wounded.
The orc priest hits you with a +0 flail.
The orc priest invokes the aid of Beogh against you.
Beogh smites you!
* * * LOW HITPOINT WARNING * * *
You block the orc priest's attack.
You closely miss the orc priest. You tail-slap the orc priest.
You kill the orc priest!
Your Fighting skill increases to level 4!
You barely miss the orc.
The orc priest mumbles some strange prayers to Beogh against you.
Beogh smites you!
You die...

##...#####.#
###.## #.# ....#
#.# ###.# #.#
###.######.#######
....##...........#
.....#.###..####.#
###..# ##.# #.# .#
#.# #@# # #.# #o#
>.# #o# ### #.#
#o# #.# #.# ..#


You could see an orc priest and 2 orcs.

Vanquished Creatures
  An orc priest (D:3)
  3 adders
  4 dart slugs
  2 bats
  5 endoplasms
  A giant cockroach (D:1)
  7 hobgoblins
  3 jackals (D:1)
  7 kobolds
  5 quokkas
  9 ball pythons
  3 frilled lizards
  2 goblins
  4 rats
56 creatures vanquished.

Notes
Turn   | Place    | Note
-------+----------+-------------------------------------------
     0 | D:1      | testman the Armataur Fighter began the quest for the Orb.
     0 | D:1      | Reached XP level 1. HP: 19/19 MP: 1/1
   153 | D:1      | Reached skill level 3 in Fighting
   153 | D:1      | Reached XP level 2. HP: 19/27 MP: 2/2
   339 | D:1      | Reached XP level 3. HP: 25/33 MP: 3/3
  1418 | D:2      | Reached XP level 4. HP: 42/42 MP: 4/4
  1717 | D:3      | Reached skill level 4 in Fighting
  1717 | D:3      | Killed from afar by an orc priest

Illustrated notes

Levels and vault maps discovered:
D:1:      minmay_arrival_open_corners, layout_basic
D:2:      layout_basic
D:3:      layout_loops_ring, solitary_fountain

Skill      XL: |  1  2  3  4 |
---------------+-------------+-----
Maces & Flails | 2 3 |  3.4
Fighting       | 3 4 |  4.0
Armour         | |  3.6
Shields        | |  3.2

Action                   |  1- 3 |  4- 6 || total
-------------------------+-------+-------++-------
Melee: Flail             |    95 |    26 ||   121
       Tailslap          |    17 |     1 ||    18
Armor: Scale mail        |    50 |     9 ||    59
Dodge: Dodged            |    37 |     6 ||    43
Block: Buckler           |    18 |     2 ||    20

Table legend: (Time is in decaauts)
 A = Elapsed time spent in this place.
 B = Non-inter-level travel time spent in this place.
 C = Inter-level travel time spent in this place.
 D = Time resting spent in this place.
 E = Time spent auto-exploring this place.
 F = Levels seen in this place.
 G = Mean time per level.
                   A        B        C        D        E       F      G
               +--------+--------+--------+--------+--------+-----+--------+
         Total |   1751 |   1730 |     21 |      0 |   1420 |   3 |  583.7 |
       Dungeon |   1751 |   1730 |     21 |      0 |   1420 |   3 |  583.7 |
               +--------+--------+--------+--------+--------+-----+--------+

Top non-repeatable levels by time:
     D:1: 799 daAuts
     D:2: 699 daAuts
     D:3: 253 daAuts
